[Event "Team 45 45 League T59"]
[Site "Internet Chess Club"]
[Date "2013.12.29"]
[Round "5"]
[White "chesskix"]
[Black "ILRE"]
[Result "0-1"]
[WhiteElo "1355"]
[BlackElo "1608"]
[Opening "French defense, Steiner variation"]
[ECO "C00"]
[Time "14:00:40"]
[TimeControl "2700+45"]

1. e4 e6 2. c4 c5 3. Nf3 b6 4. Nc3 Nc6 5. Be2 Nf6 6. O-O Be7 7. Re1 d6 8. b3 O-O
9. Bb2 Bb7 10. Rb1 Nd4 11. e5 dxe5 12. Nxe5 Bd6 13. Nf3 a6 14. d3 Qc7 15. g3
Nxe2+ 16. Qxe2 Rad8 17. Ng5 h6 18. Nge4 Be7 19. Nxf6+ Bxf6 20. Ne4 Bxb2 21. Rxb2
Qe5 22. Rbb1 Rfe8 23. f4 Qd4+ 24. Nf2 f5 25. Qh5 Qd7 26. Re5 Qc6 27. Ne4 fxe4
28. Rxe4 Rxd3 29. Rbe1 Qd7 30. Re5 Rd2 31. Rd5 Bxd5 32. cxd5 Rxd5 33. Qg6 Re7
34. Qe4 Rd2 35. Qa8+ Kf7 36. Qe4 Qd4+ 37. Qxd4 Rxd4 38. a4 Red7 39. h4 Rd1 40.
Rxd1 Rxd1+ 41. Kf2 Rb1 42. a5 bxa5 43. b4 axb4 44. Kf3 Rd1 45. g4 b3 46. f5 b2
47. fxe6+ Kxe6 48. g5 b1=Q 49. gxh6 Qf5+ 50. Kg3 gxh6 51. h5 Rg1+ 52. Kh2 Qf2+
{White resigns} 0-1

[Event "Team 45 45 League T59"]
[Site "Internet Chess Club"]
[Date "2013.12.28"]
[Round "5"]
[White "houseofcook"]
[Black "medsurg"]
[Result "0-1"]
[WhiteElo "1444"]
[BlackElo "1269"]
[Opening "Scotch gambit: Dubois-Réti defense"]
[ECO "C55"]
[Time "14:00:20"]
[TimeControl "2700+45"]

1. e4 e5 2. Nf3 Nc6 3. d4 exd4 4. Bc4 Nf6 5. e5 d5 6. Bb5 Ne4 7. Nxd4 Bd7 8.
Bxc6 bxc6 9. O-O Bc5 10. Be3 Bb6 11. Nc3 Nxc3 12. bxc3 O-O 13. Qd2 Qe7 14. f4
Bxd4 15. cxd4 Bf5 16. a4 Rfb8 17. Rfb1 Qd8 18. Qc1 Rb6 19. Rb2 Rxb2 20. Qxb2 Rb8
21. Qa2 Rb4 22. Rb1 Qb8 23. Rxb4 Qxb4 24. Qb3 Qe1# {White checkmated} 0-1

[Event "Team 45 45 League T59"]
[Site "Internet Chess Club"]
[Date "2013.12.21"]
[Round "5"]
[White "Constrictor"]
[Black "spongenotbob"]
[Result "0-1"]
[WhiteElo "1640"]
[BlackElo "1985"]
[Opening "Bird's opening"]
[ECO "A02"]
[Time "15:31:02"]
[TimeControl "2700+45"]

1. f4 c6 2. b3 d5 3. Nf3 Nf6 4. Bb2 g6 5. e3 Bg7 6. Be2 Bf5 7. d3 O-O 8. Nbd2
Ng4 9. Bxg7 Kxg7 10. Nf1 Qb6 11. Qd2 c5 12. h3 Nf6 13. g4 Be6 14. Ng3 Nc6 15. f5
Bd7 16. g5 Ne8 17. fxg6 hxg6 18. h4 Qb4 19. Qxb4 Nxb4 20. Kd2 Bg4 21. a3 Nc6 22.
h5 Nd6 23. Rh4 gxh5 24. Nxh5+ Bxh5 25. Rxh5 Rh8 26. Rah1 Nf5 27. Rxh8 Rxh8 28.
Rxh8 Kxh8 29. Bf1 Kg7 30. Bh3 Kg6 31. e4 dxe4 32. dxe4 Nfd4 33. Bc8 Nxf3+ {White
resigns} 0-1

[Event "Team 45 45 League T59"]
[Site "Internet Chess Club"]
[Date "2013.12.22"]
[Round "5"]
[White "drsigmund1"]
[Black "elessar"]
[Result "0-1"]
[WhiteElo "1602"]
[BlackElo "1594"]
[Opening "Queen's bishop game"]
[ECO "D00"]
[Time "14:00:43"]
[TimeControl "2700+45"]

1. d4 d5 2. Bf4 Nf6 3. Nf3 c5 4. c3 Qb6 5. Qb3 Nc6 6. e3 c4 7. Qc2 Bf5 8. Qc1
Nh5 9. Nbd2 Nxf4 10. exf4 Qc7 11. g3 e6 12. Nh4 Bg6 13. Nxg6 hxg6 14. Be2 Be7
15. Nf3 O-O 16. h4 b5 17. h5 gxh5 18. Rxh5 g6 19. Rh3 Kg7 20. Kd2 Rh8 21. Qh1
Rxh3 22. Qxh3 Rh8 23. Qg2 b4 24. Rh1 bxc3+ 25. bxc3 Qa5 26. Ra1 Qa3 27. Kc2 Rb8
{White resigns} 0-1

[Event "Team 45 45 League T59"]
[Site "Internet Chess Club"]
[Date "2013.12.22"]
[Round "5"]
[White "bayoumicardio10"]
[Black "sdcohle"]
[Result "1-0"]
[WhiteElo "1696"]
[BlackElo "1443"]
[Opening "King's pawn opening"]
[ECO "B07"]
[Time "16:02:48"]
[TimeControl "2700+45"]

1. e4 d6 2. d4 c6 3. f4 Qc7 4. h3 e5 5. Nf3 f6 6. Bc4 Ne7 7. fxe5 dxe5 8. dxe5
h6 9. exf6 Qg3+ 10. Kf1 gxf6 11. Qe1 Qxe1+ 12. Kxe1 Nd7 13. b3 Nb6 14. Nbd2 Nxc4
15. Nxc4 Ng6 16. Bb2 Bg7 17. Nd6+ Ke7 18. Nxc8+ Raxc8 19. Nd4 Kf7 20. Nf5 Rcd8
21. Nxg7 Kxg7 22. Rf1 Rhe8 23. Bxf6+ Kg8 24. Bxd8 Rxd8 25. Ke2 Re8 26. Ke3 Ne5
27. Rad1 Re7 28. Rd8+ Kg7 29. Rff8 Ng6 30. Rfe8 Rf7 31. e5 Ne7 32. Ke4 Nd5 33.
Rg8+ Kh7 34. Rh8+ Kg6 35. Rdg8+ Kh5 36. g4+ Kh4 37. Rxh6+ Kg3 38. e6 Rf3 39. Ke5
Re3+ 40. Kd6 Kf4 41. Rf8+ Kg5 42. Rh5+ Kg6 43. Rxd5 cxd5 44. e7 Re6+ 45. Kd7 Kg7
46. Kxe6 {Black resigns} 1-0

[Event "Team 45 45 League T59"]
[Site "Internet Chess Club"]
[Date "2013.12.22"]
[Round "5"]
[White "rkaebi"]
[Black "Hal2001"]
[Result "1-0"]
[WhiteElo "1294"]
[BlackElo "1515"]
[Opening "Robatsch (modern) defense"]
[ECO "B06"]
[Time "14:00:52"]
[TimeControl "2700+45"]

1. e4 g6 2. d4 Bg7 3. Nf3 c5 4. dxc5 Qa5+ 5. Nbd2 Qxc5 6. Be2 Nf6 7. O-O O-O 8.
Nb3 Qc7 9. Bd3 d6 10. h3 Nc6 11. Bd2 b6 12. Re1 Bb7 13. c3 Rfd8 14. Qc2 Ne5 15.
Nxe5 dxe5 16. Rad1 Rd6 17. c4 Rad8 18. Bb4 R6d7 19. c5 Bxe4 20. Bxe4 Rxd1 21.
Rxd1 Rxd1+ 22. Qxd1 Nxe4 23. cxb6 axb6 24. a4 Nd6 25. a5 bxa5 26. Bxa5 Qa7 27.
Bb4 Qc7 28. Qd5 Nb7 29. Nc5 Nd6 30. Qa8+ Bf8 31. b3 Nb5 32. Qe8 Nd6 33. Qa8 Nf5
34. Qe8 Ng7 35. Qb5 Nf5 36. Qe8 Nd6 37. Qa8 Nc8 38. Qa4 Nb6 39. Qe8 Nd5 40. Nd7
Qc1+ 41. Be1 Qh6 42. Bd2 Qg7 43. b4 e4 44. b5 Nc7 45. Qb8 Qa1+ 46. Kh2 Ne6 47.
Be3 Qd1 48. Qc8 Qd6+ 49. g3 Kg7 50. b6 h6 51. b7 Ng5 52. Qxf8+ Kh7 53. Bxg5
{Black resigns} 1-0

[Event "Team 45 45 League T59"]
[Site "Internet Chess Club"]
[Date "2013.12.28"]
[Round "5"]
[White "MASTERCHEF"]
[Black "fledermaus"]
[Result "0-1"]
[WhiteElo "1725"]
[BlackElo "1889"]
[Opening "Sicilian: closed"]
[ECO "B23"]
[Time "16:01:48"]
[TimeControl "2700+45"]

1. e4 c5 2. Nc3 e6 3. f4 d5 4. Bb5+ Bd7 5. exd5 Bxb5 6. Nxb5 exd5 7. Nf3 Be7 8.
O-O Nf6 9. d3 O-O 10. Kh1 a6 11. Nc3 Nc6 12. a3 Bd6 13. Ne5 Nxe5 14. fxe5 Bxe5
15. Qe1 Qd6 16. Qh4 d4 17. Nb1 Nd5 18. Nd2 f5 19. Nc4 Qc7 20. Bd2 Bf6 21. Qf2 g6
22. Qf3 Qd7 23. Rae1 Rae8 24. Bf4 Nxf4 25. Qxf4 Rxe1 26. Rxe1 Re8 27. Qf2 Re6
28. Nd2 Qe7 29. Nf3 Rxe1+ 30. Qxe1 Qxe1+ 31. Nxe1 Kf7 32. Kg1 Ke6 33. Kf1 Kd5
34. Ke2 b5 35. b3 g5 36. h3 h5 37. Kf3 Be5 38. g4 fxg4+ 39. hxg4 h4 40. Kg2 Bf4
41. Nf3 c4 42. Kh3 cxb3 43. cxb3 a5 44. a4 bxa4 45. bxa4 Kc5 46. Kg2 Be3 {White
resigns} 0-1

[Event "Team 45 45 League T59"]
[Site "Internet Chess Club"]
[Date "2013.12.24"]
[Round "5"]
[White "RubberDuck"]
[Black "zap2"]
[Result "1-0"]
[WhiteElo "1893"]
[BlackElo "1727"]
[Opening "Nimzo-Indian: classical variation"]
[ECO "E32"]
[Time "04:43:25"]
[TimeControl "2700+45"]

1. d4 Nf6 2. c4 e6 3. Nc3 Bb4 4. Qc2 b6 5. a3 Bxc3+ 6. Qxc3 Bb7 7. f3 d6 8. e4
O-O 9. Bd3 c5 10. Ne2 h6 11. O-O Nc6 12. d5 Ne5 13. Bc2 Ba6 14. dxe6 fxe6 15. b3
Qe7 16. Be3 Rad8 17. Rad1 Bb7 18. Rfe1 Nh5 19. Bf2 Qg5 20. Kh1 Ng4 21. Bg1 Ngf6
22. Be3 Qh4 23. Rf1 d5 24. Bf2 Qg5 25. h4 Qg6 26. e5 Ne4 27. fxe4 d4 28. Qd3 Rd7
29. Bg3 Rdf7 30. Kg1 Qg4 31. Rxf7 Rxf7 32. Bf2 Nf4 33. Nxf4 Rxf4 34. Qg3 Bxe4
35. Qxg4 Rxg4 36. Bxe4 Rxe4 37. Re1 Rxe1+ 38. Bxe1 h5 39. Kf2 Kf7 40. Kf3 Kg6
41. Ke4 a6 42. b4 d3 43. bxc5 bxc5 44. Bd2 {Black resigns} 1-0

[Event "Team 45 45 League T59"]
[Site "Internet Chess Club"]
[Date "2013.12.23"]
[Round "5"]
[White "elmaestro"]
[Black "jonesey"]
[Result "1-0"]
[WhiteElo "1792"]
[BlackElo "1857"]
[Opening "KGA: bishop's gambit, Jaenisch variation"]
[ECO "C33"]
[Time "09:25:51"]
[TimeControl "2700+45"]

1. e4 e5 2. f4 exf4 3. Bc4 Nf6 4. Nc3 c6 5. Nf3 d5 6. exd5 cxd5 7. Bb3 d4 8. Ne2
d3 9. cxd3 Bd6 10. Bxf7+ Kxf7 11. Qb3+ Kf8 12. Ng5 Qe7 13. O-O h6 14. Ne4 Nxe4
15. dxe4 Qxe4 16. d3 Qe6 17. Bxf4 Bxf4 18. Rxf4+ Kg8 19. Qc2 Kh7 20. Raf1 Nd7
21. Re4 Qd6 22. d4 Qg6 23. Nf4 Qf5 24. Nd5 Nb6 25. Rxf5 Bxf5 26. Ne7 Rac8 27.
Nxc8 Rxc8 28. Qe2 Rc1+ 29. Kf2 Nc4 30. g4 Bg6 31. h4 Nd6 32. Re6 {Black resigns}
1-0

[Event "Team 45 45 League T59"]
[Site "Internet Chess Club"]
[Date "2013.12.21"]
[Round "5"]
[White "gcl"]
[Black "nanning"]
[Result "1-0"]
[WhiteElo "1673"]
[BlackElo "1623"]
[Opening "Caro-Kann: classical variation"]
[ECO "B18"]
[Time "14:03:36"]
[TimeControl "2700+45"]

1. e4 c6 2. d4 d5 3. Nc3 dxe4 4. Nxe4 Bf5 5. Ng3 Bg6 6. Bc4 e6 7. N1e2 Nf6 8.
O-O Nbd7 9. Nf4 Nb6 10. Bxe6 fxe6 11. Nxe6 Qc8 12. Re1 Kd7 13. Bf4 Nbd5 14. Bg5
Rg8 15. c4 h6 16. Bh4 Nc7 17. Nc5+ Kd8 18. Nge4 Be7 19. Nc3 Bxc5 20. dxc5+ Qd7
21. Qf3 Qf5 22. Rad1+ Kc8 23. Qxf5+ Bxf5 24. Re7 Ne6 25. Bxf6 gxf6 26. Rd6 Nxc5
27. Rxf6 Bh3 28. g3 Kd8 29. Rh7 Re8 30. Rd6+ Kc8 31. f4 Re6 32. Rxe6 Nxe6 33.
Rxh6 Bf5 34. Rh8+ Nd8 35. h3 a5 36. g4 Bd3 37. b3 a4 38. Nxa4 Ra5 39. c5 Kc7 40.
f5 Bb5 41. Rh7+ Kb8 42. Rd7 Kc8 43. Nb6+ Kb8 44. Rxd8+ Kc7 45. Rc8# {Black
checkmated} 1-0

[Event "Team 45 45 League T59"]
[Site "Internet Chess Club"]
[Date "2013.12.22"]
[Round "5"]
[White "alexping"]
[Black "primerpaso"]
[Result "1-0"]
[WhiteElo "1870"]
[BlackElo "1935"]
[Opening "QGD: classical variation (5.Bf4)"]
[ECO "D37"]
[Time "11:07:40"]
[TimeControl "2700+45"]

1. d4 Nf6 2. c4 e6 3. Nf3 d5 4. Nc3 Be7 5. Bf4 O-O 6. e3 c5 7. dxc5 Bxc5 8. a3
dxc4 9. Bxc4 Nc6 10. b4 Qxd1+ 11. Rxd1 Be7 12. O-O a6 13. e4 b5 14. Bb3 Nd7 15.
e5 Rd8 16. Rfe1 h6 17. Nd4 Bb7 18. Nxe6 fxe6 19. Bxe6+ Kf8 20. Bxd7 g5 21. Bg3
Nb8 22. Bg4 Nc6 23. Bf3 Rac8 24. Nd5 a5 25. Nxe7 Kxe7 26. bxa5 Nxa5 27. Bxb7
Nxb7 28. Rxd8 Nxd8 29. h4 Rc3 30. Rb1 Rxa3 31. Rxb5 Ra6 32. hxg5 hxg5 33. f4
gxf4 34. Bh4+ {Black resigns} 1-0

[Event "Team 45 45 League T59"]
[Site "Internet Chess Club"]
[Date "2013.12.29"]
[Round "5"]
[White "Portola"]
[Black "bobhill"]
[Result "1-0"]
[WhiteElo "1835"]
[BlackElo "1984"]
[Opening "Queen's pawn, Mason variation"]
[ECO "D00"]
[Time "17:01:48"]
[TimeControl "2700+45"]

1. d4 d5 2. Bf4 Nf6 3. e3 g6 4. h3 Bg7 5. Nf3 O-O 6. Bd3 c5 7. c3 Qb6 8. Qb3 c4
9. Qxb6 axb6 10. Bc2 Nc6 11. Nbd2 b5 12. O-O b4 13. Rfb1 Nd7 14. e4 e6 15. Bd6
Re8 16. Bxb4 Nxb4 17. cxb4 dxe4 18. Nxe4 Bf8 19. a3 e5 20. dxe5 Bg7 21. Nd6 Re6
22. Nxc4 b5 23. Be4 Rb8 24. Na5 Nxe5 25. Ng5 Rf6 26. Rd1 Bf5 27. Rd5 Bxe4 28.
Nxe4 Rf4 29. Nc3 Nc4 30. Nxc4 Rxc4 31. Rd3 h5 32. Rad1 Bf6 33. Rf3 Kg7 34. Rdd3
Rb7 35. Kf1 Bg5 36. Rd1 Bf6 37. Rfd3 g5 38. g3 Kg6 39. Rd6 Kg7 40. R1d3 g4 41.
h4 Be5 42. R6d5 Kf6 43. Ke2 Re7 44. Kd2 Rb7 45. b3 Rc6 46. Nxb5 Bb2 47. Rxh5
Bc1+ 48. Kd1 Kg6 49. Rhd5 Bb2 50. Rd6+ Rxd6 51. Rxd6+ f6 52. Rd5 Rb8 53. a4 Rc8
54. Rc5 Rd8+ 55. Kc2 Be5 56. Nc3 Kf5 57. b5 Ke6 58. Rc6+ Kd7 59. Ne4 Rf8 60. Kd3
Ke7 61. Ke2 f5 62. Ng5 Kd7 63. Ne6 Re8 64. Nc5+ Kd8 65. Re6 Rxe6 66. Nxe6+ Ke7
67. Nf4 Kd6 68. Kd3 Kc5 69. Kc2 Kb4 70. Nd3+ {Black resigns} 1-0

[Event "Team 45 45 League T59"]
[Site "Internet Chess Club"]
[Date "2013.12.23"]
[Round "5"]
[White "qs16"]
[Black "QuieroAprender"]
[Result "1-0"]
[WhiteElo "1751"]
[BlackElo "1648"]
[Opening "Queen's pawn game"]
[ECO "A45"]
[Time "15:03:33"]
[TimeControl "2700+45"]

1. d4 Nf6 2. e3 g6 3. Bd3 Bg7 4. Nd2 d5 5. f4 Ng4 6. Ndf3 f5 7. Ne5 Nxe5 8. fxe5
c5 9. c3 Nc6 10. Nf3 c4 11. Bc2 e6 12. O-O g5 13. h3 g4 14. hxg4 fxg4 15. Nh2 h5
16. Bg6+ Kd7 17. Rf7+ Ne7 18. Rxg7 Qf8 19. Rf7 Qg8 20. Rxe7+ Kxe7 21. Bc2 Bd7
22. e4 Bc6 23. exd5 Bxd5 24. b3 Rf8 25. Ba3+ Kd7 26. Bxf8 Qxf8 27. Qf1 Qh6 28.
Qe2 g3 29. Nf3 h4 30. bxc4 Bxf3 31. Qxf3 Rf8 32. Qxb7+ Kd8 33. Qb8+ Ke7 34. Qc7+
Ke8 35. Ba4# {Black checkmated} 1-0

[Event "Team 45 45 League T59"]
[Site "Internet Chess Club"]
[Date "2013.12.27"]
[Round "5"]
[White "edelgado"]
[Black "rubo"]
[Result "1-0"]
[WhiteElo "1647"]
[BlackElo "1605"]
[Opening "Nimzovich-Larsen attack"]
[ECO "A01"]
[Time "20:08:53"]
[TimeControl "2700+45"]

1. b3 d6 2. Bb2 Bf5 3. e3 Nd7 4. f4 Ngf6 5. Nf3 h6 6. Nc3 e5 7. Be2 Be7 8. O-O
O-O 9. Nxe5 dxe5 10. fxe5 Bxc2 11. Qxc2 Nxe5 12. d4 Neg4 13. Bxg4 Nxg4 14. Qe4
Qd7 15. h3 Nf6 16. Qxb7 a6 17. Rad1 Bd6 18. Rxf6 gxf6 19. Qf3 f5 20. e4 fxe4 21.
Nxe4 Qe6 22. Nf6+ Kh8 23. d5 Qe7 24. Qf5 {Black resigns} 1-0

[Event "Team 45 45 League T59"]
[Site "Internet Chess Club"]
[Date "2013.12.20"]
[Round "5"]
[White "Greedy-Reedy"]
[Black "HematiteBrown"]
[Result "1/2-1/2"]
[WhiteElo "1965"]
[BlackElo "2014"]
[Opening "Sicilian: Alapin's variation (2.c3)"]
[ECO "B22"]
[Time "11:31:40"]
[TimeControl "2700+45"]

1. e4 c5 2. c3 d5 3. exd5 Nf6 4. Qa4+ Nbd7 5. c4 b5 6. Qxb5 Rb8 7. Qa4 e6 8.
dxe6 fxe6 9. Nf3 Bd6 10. Be2 O-O 11. d4 cxd4 12. Nxd4 Ne4 13. Bf3 Nxf2 14. O-O
Qh4 15. Rxf2 Qxh2+ 16. Kf1 Qh1+ 17. Ke2 Qxc1 18. Nb3 Qxb2+ 19. Kf1 Qe5 20. N1d2
Nc5 21. Qxa7 Nd3 22. Re2 Qh2 23. Qg1 Qh6 24. Ne4 Be5 25. Rd1 Nf4 26. Rc2 Bb7 27.
Nbc5 Bc6 28. Rcd2 g5 29. Nf2 Be8 30. Ng4 Qg7 31. Qe3 Bc3 32. Rd8 Rxd8 33. Rxd8
Ba5 34. Nxe6 Qa1+ 35. Rd1 Qxd1+ 36. Bxd1 Nd5+ 37. Qf3 Rxf3+ 38. gxf3 Nc7 39.
Nxg5 Kg7 40. Kf2 Kg6 41. Ne4 h5 42. Ne5+ Kf5 43. Nd3 {Game drawn by mutual
agreement} 1/2-1/2

[Event "Team 45 45 League T59"]
[Site "Internet Chess Club"]
[Date "2013.12.21"]
[Round "5"]
[White "pmcglothin"]
[Black "LittleButton"]
[Result "0-1"]
[WhiteElo "1787"]
[BlackElo "1863"]
[Opening "Réti opening"]
[ECO "A05"]
[Time "07:00:45"]
[TimeControl "2700+45"]

1. Nf3 Nf6 2. g3 Nc6 3. Bg2 e5 4. d3 g6 5. O-O Bg7 6. Nbd2 O-O 7. e4 d6 8. Nc4
h6 9. c3 Be6 10. Ne3 d5 11. Qc2 Qd7 12. b3 Rad8 13. Ba3 Rfe8 14. Rad1 Bh3 15.
exd5 Nxd5 16. Ne1 Bxg2 17. N3xg2 f5 18. Bb2 f4 19. Qe2 Qf5 20. Qe4 Qxe4 21. dxe4
Nxc3 22. Rxd8 Ne2+ 23. Kh1 Rxd8 24. Nf3 g5 25. g4 Ned4 26. Nge1 Nxf3 27. Nxf3
Nd4 28. Ne1 Kf7 29. Kg2 Ke6 30. f3 Bf8 31. Rf2 Nc6 32. Bc3 Bc5 33. Rd2 Rxd2+ 34.
Bxd2 Bb4 35. Bxb4 Nxb4 36. a3 Nc6 37. Nc2 Nd4 38. Nxd4+ exd4 39. Kf2 c5 40. Ke2
b5 41. Kd3 Ke5 42. h3 a6 43. Kc2 c4 44. bxc4 bxc4 45. Kd2 d3 46. Kc3 a5 47. a4
Ke6 48. Kd2 Kd6 49. Kc3 Ke5 50. Kd2 Kd4 51. Kd1 c3 52. Ke1 Kc4 53. Kd1 Kb4
{White resigns} 0-1

[Event "Team 45 45 League T59"]
[Site "Internet Chess Club"]
[Date "2013.12.21"]
[Round "5"]
[White "badmove"]
[Black "alexine"]
[Result "1-0"]
[WhiteElo "1624"]
[BlackElo "1653"]
[Opening "Ruy Lopez: Worrall attack, solid line"]
[ECO "C86"]
[Time "16:26:56"]
[TimeControl "2700+45"]

1. e4 e5 2. Nf3 Nc6 3. Bb5 a6 4. Ba4 Nf6 5. O-O Be7 6. Qe2 b5 7. Bb3 d6 8. c3
Bg4 9. d3 Na5 10. Bc2 c5 11. Nbd2 O-O 12. h3 Bh5 13. Rd1 Qc7 14. Nf1 d5 15. Ng3
Bg6 16. exd5 Bd6 17. Ne4 Nxd5 18. Nxd6 Qxd6 19. Qxe5 Qxe5 20. Nxe5 Rae8 21. Nd7
Re2 22. Nxf8 Rxc2 23. Nxg6 fxg6 24. Rd2 Rxd2 25. Bxd2 Nc6 26. Re1 Kf7 27. Be3 c4
28. dxc4 bxc4 29. Rd1 Ke6 30. Bd4 Nf4 31. Re1+ Kd5 32. Bxg7 Nd3 33. Re2 Nc1 34.
Rd2+ Nd3 35. b3 Ne7 36. Kf1 Nf5 37. Bf6 Nd6 38. Ke2 Ne4 39. bxc4+ Kxc4 40. Rxd3
Nxf6 41. Rd6 Ne4 42. Rd4+ {Black resigns} 1-0

[Event "Team 45 45 League T59"]
[Site "Internet Chess Club"]
[Date "2013.12.21"]
[Round "5"]
[White "quale"]
[Black "pokerram"]
[Result "1-0"]
[WhiteElo "1756"]
[BlackElo "1709"]
[Opening "Sicilian: Canal-Sokolsky attack, Sokolsky variation"]
[ECO "B52"]
[Time "16:00:45"]
[TimeControl "2700+45"]

1. e4 c5 2. Nf3 d6 3. Bb5+ Bd7 4. Bxd7+ Qxd7 5. c4 Nf6 6. Nc3 g6 7. O-O Bg7 8.
d4 cxd4 9. Nxd4 O-O 10. f3 a6 11. Kh1 e6 12. Nde2 Nc6 13. Bg5 Ne5 14. b3 h6 15.
Bh4 g5 16. Bg3 Nh5 17. Rc1 Nxg3+ 18. Nxg3 Ng6 19. Nce2 Be5 20. Nh5 Nf4 21. Nhxf4
gxf4 22. Qd2 Qe7 23. Nxf4 Qg5 24. g3 Kh7 25. Rcd1 Rad8 26. Ne2 Qxd2 27. Rxd2 Bg7
28. Rfd1 d5 29. exd5 exd5 30. Rxd5 Rde8 31. Nf4 Re3 32. Kg2 Be5 33. Kf2 Bxf4 34.
gxf4 Rfe8 35. R1d2 Re1 36. Rd7 R1e7 37. Rxe7 Rxe7 38. b4 Kg6 39. c5 Kf5 40. Kg3
f6 41. Rd5+ Ke6 42. Rd6+ Kf7 43. a4 Rc7 44. Kg4 a5 45. bxa5 Rxc5 46. a6 bxa6 47.
Rxa6 h5+ 48. Kg3 Rc1 49. a5 Rg1+ 50. Kf2 Ra1 51. Ra8 Kg6 52. a6 Kf5 53. a7 Kxf4
54. Rf8 Ra2+ 55. Kg1 Kf5 56. a8=Q {Black resigns} 1-0

[Event "Team 45 45 League T59"]
[Site "Internet Chess Club"]
[Date "2013.12.23"]
[Round "5"]
[White "TerryMalloy"]
[Black "minke"]
[Result "1-0"]
[WhiteElo "2048"]
[BlackElo "1896"]
[Opening "Pirc: Byrne variation"]
[ECO "B07"]
[Time "23:11:07"]
[TimeControl "2700+45"]

1. e4 d6 2. d4 Nf6 3. Nc3 g6 4. Bg5 Bg7 5. Qd2 h6 6. Bh4 g5 7. Bg3 Nh5 8. O-O-O
Nc6 9. Nge2 e5 10. dxe5 Nxe5 11. Nd4 a6 12. Be2 Nxg3 13. hxg3 Be6 14. f4 Nc6 15.
Nxe6 fxe6 16. Bh5+ Kf8 17. Rdf1 Bxc3 18. fxg5+ Kg8 19. Bf7+ Kg7 20. gxh6+ Kh7
21. Qxc3 e5 22. Qd2 Qe7 23. g4 Raf8 24. Bh5 Rhg8 25. Qd5 Nd8 26. Rf5 Rxf5 27.
exf5 c6 28. Bg6+ Kh8 29. Qd2 Ne6 30. g3 Nf8 31. h7 Rg7 32. Rh6 Nxg6 33. fxg6 Qf6
34. g5 Qe7 35. Kd1 d5 36. Qf2 Qb4 37. Kc1 e4 38. c3 Qe7 39. Qf6 e3 40. Kd1 c5
41. Ke2 Qe8 42. Rh4 Qb5+ 43. Kxe3 d4+ 44. cxd4 Qe8+ 45. Re4 cxd4+ 46. Qxd4 Qc8
47. Kd2 Qf8 48. Rf4 Qe7 49. Qf6 Qd7+ 50. Ke1 Qe7+ 51. Kf1 Qxf6 52. Rxf6 {Black
resigns} 1-0

[Event "Team 45 45 League T59"]
[Site "Internet Chess Club"]
[Date "2013.12.21"]
[Round "5"]
[White "Tamarin"]
[Black "Riddick"]
[Result "1/2-1/2"]
[WhiteElo "1911"]
[BlackElo "1846"]
[Opening "QGD semi-Slav: Stoltz variation"]
[ECO "D45"]
[Time "21:17:54"]
[TimeControl "2700+45"]

1. d4 d5 2. c4 c6 3. Nf3 Nf6 4. Nc3 e6 5. e3 Nbd7 6. Qc2 Be7 7. Bd3 a6 8. O-O b5
9. c5 Qc7 10. e4 e5 11. exd5 Nxd5 12. Nxd5 cxd5 13. c6 e4 14. cxd7+ Qxd7 15.
Bxe4 dxe4 16. Qxe4 Bb7 17. Qd3 O-O 18. Re1 Bf6 19. Bg5 Bxf3 20. Bxf6 Qg4 21.
Qxf3 Qxf3 22. gxf3 gxf6 23. Re7 Rfd8 24. Rd1 Rd6 25. Kg2 Kg7 26. Kg3 Rc8 27. Rd2
Rc4 28. Ra7 f5 29. b3 Rcc6 30. Kf4 Kf6 31. Ra8 Rc7 {Game drawn by mutual
agreement} 1/2-1/2

[Event "Team 45 45 League T59"]
[Site "Internet Chess Club"]
[Date "2013.12.20"]
[Round "5"]
[White "DanMcClintic"]
[Black "spuzzy"]
[Result "0-1"]
[WhiteElo "1656"]
[BlackElo "1682"]
[Opening "KGA: Abbazia defense, modern variation"]
[ECO "C31"]
[Time "21:00:50"]
[TimeControl "2700+45"]

1. e4 e5 2. f4 d5 3. exd5 exf4 4. Nf3 Nf6 5. d4 Bd6 6. Bc4 O-O 7. O-O c6 8. dxc6
Nxc6 9. d5 Na5 10. Bb3 Nxb3 11. axb3 Bg4 12. c4 Re8 13. h3 Bh5 14. Nc3 a6 15.
Qd4 Qc7 16. Qd1 g5 17. Re1 g4 18. hxg4 Bxg4 19. Bd2 Rxe1+ 20. Qxe1 Re8 21. Qh4
Qd8 22. Ng5 h5 23. Re1 Rxe1+ 24. Qxe1 Nxd5 25. Nxf7 Kxf7 26. Nxd5 Bc5+ 27. Kf1
Qg5 28. Bxf4 Qf5 29. g3 Bh3+ 30. Ke2 Bg4+ 31. Kd2 Qxd5+ 32. cxd5 Bb4+ 33. Kd3
Bxe1 34. d6 Ke6 35. Kc4 Ba5 36. b4 Bd8 37. Kc5 Kd7 38. b5 b6+ 39. Kb4 a5+ 40.
Kc4 Be2+ 41. Kd5 Bxb5 42. Ke5 Be2 43. Be3 b5 44. Bc5 Bg5 45. Ke4 Bc1 46. Bd4 Ke6
47. Be5 b4 48. Bh8 Kxd6 49. Be5+ Kc5 50. Bd4+ Kc4 51. Bf6 a4 52. Kf5 a3 53. bxa3
bxa3 54. Kg6 Bb2 {White resigns} 0-1

[Event "Team 45 45 League T59"]
[Site "Internet Chess Club"]
[Date "2013.12.19"]
[Round "5"]
[White "drsigmund1"]
[Black "BrerRabbit"]
[Result "1-0"]
[WhiteElo "1620"]
[BlackElo "1549"]
[Opening "Queen's Pawn"]
[ECO "A41"]
[Time "19:01:43"]
[TimeControl "2700+45"]

1. d4 d6 2. Bf4 g6 3. Nf3 Bg7 4. e3 Nd7 5. Nbd2 e5 6. dxe5 dxe5 7. Bg3 Qe7 8.
Be2 Ngf6 9. O-O O-O 10. c3 Re8 11. Bc4 h6 12. Qc2 Nh5 13. Qxg6 Nxg3 14. Qxg3 Nb6
15. Bb3 Bf5 16. e4 Bd7 17. a4 Bc6 18. a5 Nd7 19. Nh4 Qf8 20. Nf5 Kh7 21. Nxg7
Qxg7 22. Qe3 Rg8 23. g3 a6 24. Nf3 Rgf8 25. Nh4 Nf6 26. Nf5 Qg5 27. Qxg5 hxg5
28. f3 Ng8 29. Ne3 Ne7 30. Rad1 Kg6 31. Nd5 Bxd5 32. Bxd5 Nxd5 33. Rxd5 f6 34.
Rd7 Rf7 35. Rfd1 Rh8 36. Rxf7 Kxf7 37. Rd7+ {Black resigns} 1-0

[Event "Team 45 45 League T59"]
[Site "Internet Chess Club"]
[Date "2013.12.20"]
[Round "5"]
[White "Muravey"]
[Black "IndianPawn"]
[Result "1-0"]
[WhiteElo "2037"]
[BlackElo "1963"]
[Opening "Scotch: Schmidt variation"]
[ECO "C45"]
[Time "12:14:02"]
[TimeControl "2700+45"]

1. e4 e5 2. Nf3 Nc6 3. d4 exd4 4. Nxd4 Nf6 5. Nc3 Bb4 6. Nxc6 bxc6 7. Bd3 d5 8.
exd5 cxd5 9. O-O O-O 10. Bg5 c6 11. Qf3 Be7 12. Rfe1 Rb8 13. b3 Re8 14. h3 Be6
15. Ne2 a5 16. Nd4 Bd7 17. c3 h6 18. Bf4 Ra8 19. Be5 a4 20. b4 Nh7 21. Bxh7+
Kxh7 22. Qxf7 Bf8 23. Re3 Re7 24. Qh5 g6 25. Qf3 Qe8 26. Rae1 Rf7 27. Qg3 Qc8
28. Rf3 Bf5 29. Nxf5 Rxf5 30. Bd4 Qd7 31. Rxf5 gxf5 32. Qe5 Bg7 33. Qe7 Qxe7 34.
Rxe7 Rg8 35. Rxg7+ Rxg7 36. Bxg7 Kxg7 37. g4 f4 38. Kg2 Kf6 39. Kf3 Ke5 40. h4
a3 41. g5 hxg5 42. hxg5 Kf5 43. g6 Kxg6 44. Kxf4 Kf6 45. f3 Ke6 46. Kg5 d4 47.
cxd4 Kd5 48. f4 Kxd4 49. f5 Kc3 50. f6 Kb2 51. f7 Kxa2 52. f8=Q Kb1 53. Qf3 a2
54. Qb3+ Ka1 55. Kf4 c5 56. b5 c4 57. Qxc4 Kb1 58. Qb3+ Ka1 59. Qa3 Kb1 60. b6
Ka1 61. Qc1# {Black checkmated} 1-0

[Event "Team 45 45 League T59"]
[Site "Internet Chess Club"]
[Date "2013.12.21"]
[Round "5"]
[White "pishd"]
[Black "Constrictor"]
[Result "1-0"]
[WhiteElo "1753"]
[BlackElo "1644"]
[Opening "QGD Slav: exchange variation"]
[ECO "D13"]
[Time "11:08:21"]
[TimeControl "2700+45"]

1. d4 Nf6 2. Nf3 d5 3. c4 c6 4. cxd5 cxd5 5. Nc3 Nc6 6. Bf4 e6 7. e3 Be7 8. h3
O-O 9. Bd3 Nb4 10. Bb1 h6 11. O-O Bd6 12. Ne5 a6 13. Qf3 Qc7 14. Rc1 Nd7 15. Qg3
g5 16. Bxg5 hxg5 17. Qxg5+ Kh8 18. Qh6+ {Black resigns} 1-0

[Event "Team 45 45 League T59"]
[Site "Internet Chess Club"]
[Date "2013.12.20"]
[Round "5"]
[White "Frankly"]
[Black "leandro-fire"]
[Result "0-1"]
[WhiteElo "1794"]
[BlackElo "1766"]
[Opening "QGA: 3.e4"]
[ECO "D20"]
[Time "13:01:25"]
[TimeControl "2700+45"]

1. d4 d5 2. c4 dxc4 3. e4 e5 4. Nf3 exd4 5. Bxc4 Bb4+ 6. Bd2 Bxd2+ 7. Nbxd2 Nf6
8. O-O O-O 9. Re1 c5 10. Rc1 Nc6 11. Nb3 b6 12. a3 Re8 13. Qc2 Ne5 14. Nxe5 Rxe5
15. f4 Rh5 16. Rcd1 Ng4 17. h3 Qh4 18. hxg4 Qh2+ 19. Kf1 Qxf4+ 20. Kg1 Bxg4 21.
Bxf7+ Qxf7 22. Rf1 Qc7 23. Rde1 Qh2+ 24. Kf2 Rf8# {White checkmated} 0-1